Predators vs Nordiques

Created - 14 avril 2016 at 10:13

Goals
1 2 3 T
Predators 1 3 2 6
Nordiques 2 2 0 4
Shots
1 2 3 T
Predators 6 14 7 27
Nordiques 11 17 11 39

1st period

1. Nordiques , Niklas Kronwall 2 (Chris Drury, R.J. Umberger) at 5:57
2. Nordiques , R.J. Umberger 42 (Chris Drury) at 14:17 (PP)
3. Predators , Michael Grabner 13 (Alexander Edler, Maxime Daigneault) at 15:27

Penalties :
Dustin Byfuglien (Que) for Holding (Minor) at 3:19, Shane Hnidy (Que) for Slashing (Minor) at 6:31, Fedor Tyutin (Que) for Interference (Minor) at 11:29, Kris Vernarsky (Nas) for Interference (Minor) at 14:08, Kris Vernarsky (Nas) for Holding (Minor) at 17:37

2nd period

4. Predators , Michael Grabner 14 (Andrei Markov) at 2:15
5. Nordiques , Alexei Kovalev 24 (R.J. Umberger) at 5:27
6. Predators , Adam Burish 24 (Andrei Markov) at 8:16
7. Predators , Vaclav Varada 5 (Christian Ehrhoff, Eric Nystrom) at 9:35
8. Nordiques , Dustin Byfuglien 18 (Vaclav Prospal, Fedor Tyutin) at 15:11

Penalties :
No Penalty

3rd period

9. Predators , Alexander Ovechkin 41 (Alexander Edler) at 0:16
10. Predators , Kris Vernarsky 17 (Josef Vasicek, Alexander Ovechkin) at 17:57

Penalties :
Frans Nielsen (Nas) for Interference (Minor) at 2:52, Alexander Edler (Nas) for Hooking (Minor) at 7:03

Goalie Stats

Maxime Daigneault (Nas), 35 saves from 39 shots - (0,897), W, 29-17-6, 60:00 minutes
Martin Brodeur (Que), 21 saves from 27 shots - (0,778), L, 29-30-7, 60:00 minutes

Players Stats for Predators

Player Name              G  A  P  +/- PIM S  H  SB GA TA FO     MP     PP MP  PK MP  
------------------------------------------------------------------------------------
Adam Burish              1  0  1   2  0   3  4  1  0  1  1/1    18:54   3:12   0:00 
Alexander Edler          0  2  2   2  2   2  1  1  0  1  0/0    27:29   3:46   2:20 
Alexander Ovechkin       1  1  2   2  0   3  1  0  0  0  1/1    22:30   3:15   3:34 
Alexander Steen          0  0  0  -1  0   2  0  0  0  1  0/0    17:57   2:42   1:18 
Andrei Markov            0  2  2   1  0   0  1  0  0  0  0/0    17:07   2:11   0:00 
Barret Jackman           0  0  0   0  0   0  0  0  0  1  0/0    14:00   0:00   2:39 
Chris Kelly              0  0  0   1  0   2  1  0  0  0  2/7    11:45   0:00   1:17 
Christian Ehrhoff        0  1  1   2  0   0  1  0  0  0  0/0    24:56   3:46   1:07 
Eric Nystrom             0  1  1   1  0   0  1  0  1  0  1/1    12:26   0:00   2:02 
Erik Rasmussen           0  0  0   1  0   3  1  0  0  0  1/2     8:08   0:00   0:17 
Frans Nielsen            0  0  0   2  2   0  3  0  0  0  15/35  21:28   3:12   2:30 
James Van Riemsdyk       0  0  0   1  0   1  1  0  0  0  0/0     8:02   0:00   0:11 
John Moore               0  0  0   0  0   0  1  0  0  1  0/0    14:00   0:00   2:39 
Josef Vasicek            0  1  1  -1  0   1  4  0  1  0  0/1    17:41   2:42   1:03 
Kris Vernarsky           1  0  1  -1  4   3  0  0  1  0  4/8    14:24   0:03   0:00 
Michael Grabner          2  0  2   1  0   5  3  0  0  1  0/0    12:43   2:42   0:00 
Ryan Mcdonagh            0  0  0   1  0   1  1  3  0  1  0/0    22:31   2:11   3:27 
Vaclav Varada            1  0  1   1  0   1  1  0  0  0  0/0     7:49   0:03   0:00 

Players Stats for Nordiques

Player Name              G  A  P  +/- PIM S  H  SB GA TA FO     MP     PP MP  PK MP  
------------------------------------------------------------------------------------
Alexei Kovalev           1  0  1   0  0   5  0  0  0  0  0/1    18:48   3:17   0:00 
Chris Drury              0  2  2   0  0   4  2  0  1  0  16/30  20:31   3:25   0:42 
Dustin Byfuglien         1  0  1   0  2   3  3  1  0  0  1/1    16:51   2:41   0:00 
Fedor Tyutin             0  1  1  -2  2   1  2  0  1  1  0/0    25:26   3:53   2:37 
Jarret Stoll             0  0  0  -2  0   3  0  1  0  0  1/2     9:18   0:00   2:17 
Kristopher Letang        0  0  0  -1  0   6  2  3  0  0  0/0    26:25   3:53   1:39 
Kyle Calder              0  0  0  -1  0   2  2  0  2  0  0/0    12:34   0:08   0:42 
Mark Eaton               0  0  0   0  0   1  0  0  0  0  0/0    10:22   0:00   2:55 
Matt Moulson             0  0  0   0  0   0  0  2  0  0  1/1    16:24   2:41   0:00 
Mike Zigomanis           0  0  0  -1  0   2  1  0  0  0  5/6    11:03   0:00   0:00 
Miroslav Satan           0  0  0  -1  0   0  1  0  1  0  0/0    13:38   0:08   2:17 
Niklas Kronwall          1  0  1   1  0   3  0  0  0  0  0/0    14:29   0:00   0:12 
Nikolai Kulemin          0  0  0  -2  0   1  0  0  0  0  0/0     6:33   0:00   0:00 
Pascal Dupuis            0  0  0  -2  0   1  1  1  1  0  1/1     9:35   0:00   2:58 
R.J. Umberger            1  2  3   0  0   5  1  1  0  0  3/4    21:48   3:17   2:58 
Shane Hnidy              0  0  0  -2  2   1  1  2  0  1  0/0    22:00   2:13   1:41 
Toni Lydman              0  0  0  -2  0   0  1  3  1  0  0/0    21:51   2:13   2:50 
Vaclav Prospal           0  1  1   0  0   1  1  1  0  1  3/10   16:24   2:41   0:00 

3 Stars

1 - Michael Grabner (Nas)
2 - R.J. Umberger (Que)
3 - Alexander Ovechkin (Nas)

Power Play

Predators - 0 on 3 Attempt(s) - 0,00%
Nordiques - 1 on 4 Attempt(s) - 25,00%

Penalty Kill

Predators - 3 on 4 Attempt(s) - 75,00% - Score 0 goal in Penalty Kill
Nordiques - 3 on 3 Attempt(s) - 100,00% - Score 0 goal in Penalty Kill

Team Stat

Predators - Hits : 25 - Faceoff Wins : 25 - Blocked Shots : 5 - Penalty Minutes : 8
Nordiques - Hits : 18 - Faceoff Wins : 31 - Blocked Shots : 15 - Penalty Minutes : 6

Official

Referees : Rooney Chris and Charron Francis
Linesman : Scott Cherrey and Greg Devorski

Game Notes

Mark Eaton is injured at 18:49 of 2nd period (Sprained Right Ankle)

Finance

Level 1 -- Attendance: 3234 (53,90%) -- Ticket Income 388 080 $
Level 2 -- Attendance: 2530 (50,60%) -- Ticket Income 189 750 $
Level 3 -- Attendance: 957 (47,85%) -- Ticket Income 47 850 $
Level 4 -- Attendance: 1801 (45,03%) -- Ticket Income 72 040 $
Luxury Box -- Attendance: 787 (78,70%) -- Ticket Income 141 660 $
Game was played at the Centre Videotron.
Total Attendance: 9309 (51,72%)
Total Ticket Income: 839 380 $
Other Income: 125 907 $
Total Income: 965 287 $

Predators

5 vs 5 Forward 
   Center                   Left Wing                Right Wing               Time % Phy DF OF 
 1 Frans Nielsen            Alexander Ovechkin       Adam Burish              40     1   2  2  
 2 Kris Vernarsky           Alexander Steen          Josef Vasicek            30     2   1  2  
 3 Chris Kelly              Eric Nystrom             Michael Grabner          20     1   2  2  
 4 Erik Rasmussen           James Van Riemsdyk       Vaclav Varada            10     1   2  2  

5 vs 5 Defense 
   Defense                  Defense                                           Time % Phy DF OF 
 1 Christian Ehrhoff        Alexander Edler                                   40     1   2  2  
 2 Andrei Markov            Ryan Mcdonagh                                     30     1   2  2  
 3 John Moore               Barret Jackman                                    20     1   2  2  
 4 Alexander Edler          Ryan Mcdonagh                                     10     1   2  2  

PowerPlay Forward 
   Center                   Left Wing                Right Wing               Time % Phy DF OF 
 1 Frans Nielsen            Alexander Ovechkin       Adam Burish              60     1   1  3  
 2 Josef Vasicek            Alexander Steen          Michael Grabner          40     1   1  3  

PowerPlay Defense
   Defense                  Defense                                           Time % Phy DF OF 
 1 Christian Ehrhoff        Alexander Edler                                   60     1   2  2  
 2 Andrei Markov            Ryan Mcdonagh                                     40     1   2  2  

Penalty Kill 4 Players Forward 
   Center                   Wing                     Time % Phy DF OF 
 1 Frans Nielsen            Alexander Ovechkin       60     1   2  2  
 2 Josef Vasicek            Eric Nystrom             40     1   2  2  

Penalty Kill 4 Players Defense
   Defense                  Defense                  Time % Phy DF OF 
 1 Alexander Edler          Ryan Mcdonagh            60     1   2  2  
 2 John Moore               Barret Jackman           40     1   2  2  

Penalty Kill - 3 Players Forward 
   Forward                                           Time % Phy DF OF 
 1 Frans Nielsen                                     60     1   2  2  
 2 Josef Vasicek                                     40     1   2  2  

Penalty Kill - 3 Players Defense
   Defense                  Defense                  Time % Phy DF OF 
 1 Alexander Edler          Ryan Mcdonagh            60     1   2  2  
 2 John Moore               Barret Jackman           40     1   2  2  

4 vs 4 Forward 
   Center                   Wing                     Time % Phy DF OF 
 1 Frans Nielsen            Alexander Ovechkin       60     1   2  2  
 2 Josef Vasicek            Adam Burish              40     1   2  2  

4 vs 4 Defense
   Defense                  Defense                  Time % Phy DF OF 
 1 Alexander Edler          Ryan Mcdonagh            60     1   2  2  
 2 Christian Ehrhoff        Barret Jackman           40     1   2  2  

Last Minutes Offensive
   Center                   Left Wing                Right Wing               Defense                  Defense                  
   Frans Nielsen            Alexander Ovechkin       Adam Burish              Alexander Edler          Ryan Mcdonagh            

Last Minutes Defensive
   Center                   Left Wing                Right Wing               Defense                  Defense                  
   Frans Nielsen            Alexander Ovechkin       Adam Burish              Alexander Edler          Ryan Mcdonagh            

Goaltenders
Starting : Maxime Daigneault        
Backup : Chad Johnson             

Extra Forwards
Normal : Kris Vernarsky, Josef Vasicek, Alexander Steen - PP : Kris Vernarsky, Josef Vasicek - PK : Eric Nystrom
Extra Defensemen
Normal : Christian Ehrhoff, Barret Jackman, John Moore - PP : Christian Ehrhoff - PK : Christian Ehrhoff, Andrei Markov
Penalty Shots
Alexander Ovechkin, Frans Nielsen, Alexander Steen, Adam Burish, Kris Vernarsky

Nordiques

5 vs 5 Forward 
   Center                   Left Wing                Right Wing               Time % Phy DF OF 
 1 Chris Drury              R.J. Umberger            Alexei Kovalev           40     1   2  2  
 2 Vaclav Prospal           Matt Moulson             Dustin Byfuglien         30     1   2  2  
 3 Mike Zigomanis           Kyle Calder              Miroslav Satan           20     1   2  2  
 4 Jarret Stoll             Nikolai Kulemin          Pascal Dupuis            10     1   2  2  

5 vs 5 Defense 
   Defense                  Defense                                           Time % Phy DF OF 
 1 Fedor Tyutin             Kristopher Letang                                 40     1   3  1  
 2 Toni Lydman              Shane Hnidy                                       30     1   3  1  
 3 Niklas Kronwall          Mark Eaton                                        20     1   3  1  
 4 Fedor Tyutin             Kristopher Letang                                 10     1   3  1  

PowerPlay Forward 
   Center                   Left Wing                Right Wing               Time % Phy DF OF 
 1 Chris Drury              R.J. Umberger            Alexei Kovalev           60     1   2  2  
 2 Vaclav Prospal           Matt Moulson             Dustin Byfuglien         40     1   2  2  

PowerPlay Defense
   Defense                  Defense                                           Time % Phy DF OF 
 1 Fedor Tyutin             Kristopher Letang                                 60     1   2  2  
 2 Toni Lydman              Shane Hnidy                                       40     1   2  2  

Penalty Kill 4 Players Forward 
   Center                   Wing                     Time % Phy DF OF 
 1 R.J. Umberger            Pascal Dupuis            60     1   2  2  
 2 Jarret Stoll             Miroslav Satan           40     1   2  2  

Penalty Kill 4 Players Defense
   Defense                  Defense                  Time % Phy DF OF 
 1 Fedor Tyutin             Mark Eaton               60     1   2  2  
 2 Toni Lydman              Shane Hnidy              40     1   2  2  

Penalty Kill - 3 Players Forward 
   Forward                                           Time % Phy DF OF 
 1 R.J. Umberger                                     60     1   2  2  
 2 Chris Drury                                       40     1   2  2  

Penalty Kill - 3 Players Defense
   Defense                  Defense                  Time % Phy DF OF 
 1 Fedor Tyutin             Mark Eaton               60     1   2  2  
 2 Toni Lydman              Shane Hnidy              40     1   2  2  

4 vs 4 Forward 
   Center                   Wing                     Time % Phy DF OF 
 1 R.J. Umberger            Chris Drury              60     1   2  2  
 2 Vaclav Prospal           Alexei Kovalev           40     1   2  2  

4 vs 4 Defense
   Defense                  Defense                  Time % Phy DF OF 
 1 Fedor Tyutin             Kristopher Letang        60     1   2  2  
 2 Toni Lydman              Shane Hnidy              40     1   2  2  

Last Minutes Offensive
   Center                   Left Wing                Right Wing               Defense                  Defense                  
   Chris Drury              R.J. Umberger            Alexei Kovalev           Fedor Tyutin             Kristopher Letang        

Last Minutes Defensive
   Center                   Left Wing                Right Wing               Defense                  Defense                  
   Chris Drury              R.J. Umberger            Pascal Dupuis            Fedor Tyutin             Mark Eaton               

Goaltenders
Starting : Martin Brodeur           
Backup : Julien Ellis             

Extra Forwards
Normal : Chris Drury, Alexei Kovalev, R.J. Umberger - PP : Chris Drury, R.J. Umberger - PK : Pascal Dupuis
Extra Defensemen
Normal : Niklas Kronwall, Kristopher Letang, Toni Lydman - PP : Niklas Kronwall - PK : Kristopher Letang, Toni Lydman
Penalty Shots
R.J. Umberger, Chris Drury, Vaclav Prospal, Alexei Kovalev, Dustin Byfuglien

% Time on Ice - Predators

Lines # - Real PCT - Wanted PCT - Time Play
Normal Forward
1 - 34% - 40% - 16:09
2 - 29% - 30% - 13:46
3 - 21% - 20% - 10:16
4 - 16% - 10% - 7:46
Normal Defense
1 - 42% - 40% - 20:12
2 - 30% - 30% - 14:13
3 - 24% - 20% - 11:21
4 - 5% - 10% - 2:11
PP Forward
1 - 55% - 60% - 3:15
2 - 45% - 40% - 2:42
PP Defense
1 - 63% - 60% - 3:46
2 - 37% - 40% - 2:11
PK Forward
1 - 83% - 60% - 5:03
2 - 17% - 40% - 1:03
PK Defense
1 - 57% - 60% - 3:27
2 - 43% - 40% - 2:39
PK3 Forward
1 - 0% - 60%
2 - 0% - 40%
PK3 Defense
1 - 0% - 60%
2 - 0% - 40%
44 Forward
1 - 0% - 60%
2 - 0% - 40%
44 Defense
1 - 0% - 60%
2 - 0% - 40%
Last Minute Offensive  - 0:00
Last Minute Defensive  - 0:00
Total
Forward - 60:00
Defense - 60:00

% Time on Ice - Nordiques

Lines # - Real PCT - Wanted PCT - Time Play
Normal Forward
1 - 34% - 40% - 16:14
2 - 29% - 30% - 14:07
3 - 23% - 20% - 11:03
4 - 14% - 10% - 6:33
Normal Defense
1 - 35% - 40% - 16:38
2 - 32% - 30% - 15:14
3 - 30% - 20% - 14:20
4 - 4% - 10% - 1:45
PP Forward
1 - 56% - 60% - 3:25
2 - 44% - 40% - 2:41
PP Defense
1 - 64% - 60% - 3:53
2 - 36% - 40% - 2:13
PK Forward
1 - 62% - 60% - 3:40
2 - 38% - 40% - 2:17
PK Defense
1 - 52% - 60% - 3:07
2 - 48% - 40% - 2:50
PK3 Forward
1 - 0% - 60%
2 - 0% - 40%
PK3 Defense
1 - 0% - 60%
2 - 0% - 40%
44 Forward
1 - 0% - 60%
2 - 0% - 40%
44 Defense
1 - 0% - 60%
2 - 0% - 40%
Last Minute Offensive  - 0:00
Last Minute Defensive  - 0:00
Total
Forward - 60:00
Defense - 60:00

Play by Play

1st period


0:01 of 1st period - Frans Nielsen wins face-off versus Chris Drury in neutral zone.
1:05 of 1st period - Icing by Toni Lydman.
1:06 of 1st period - Pascal Dupuis wins face-off versus Erik Rasmussen in Nordiques zone.
1:37 of 1st period - Slapshot by R.J. Umberger.
1:37 of 1st period - Stopped by Maxime Daigneault with a rebound.
1:39 of 1st period - Snap shot by Chris Drury.
1:39 of 1st period - Shot Misses the Net.
1:41 of 1st period - Wrist shot by R.J. Umberger.
1:41 of 1st period - Shot Misses the Net.
2:41 of 1st period - Mark Eaton is hit by Vaclav Varada and loses puck.
3:04 of 1st period - Wrist shot by Nikolai Kulemin.
3:04 of 1st period - Shot Blocked by Alexander Edler.
3:06 of 1st period - Slapshot by Nikolai Kulemin.
3:06 of 1st period - Shot Misses the Net.
3:08 of 1st period - Snap shot by Jarret Stoll.
3:08 of 1st period - Stopped by Maxime Daigneault without a rebound.
3:09 of 1st period - Kris Vernarsky wins face-off versus Vaclav Prospal in Predators zone.
3:19 of 1st period - Minor Penalty to Dustin Byfuglien for Holding.
3:20 of 1st period - R.J. Umberger wins face-off versus Frans Nielsen in Nordiques zone.
3:28 of 1st period - Slapshot by Alexander Edler.
3:28 of 1st period - Deflect By Toni Lydman.
3:28 of 1st period - Stopped by Martin Brodeur with a rebound.
3:30 of 1st period - Wrist shot by Alexander Ovechkin.
3:30 of 1st period - Shot Blocked by Toni Lydman.
3:32 of 1st period - Slapshot by Christian Ehrhoff.
3:32 of 1st period - Shot Blocked by Shane Hnidy.
3:34 of 1st period - Snap shot by Christian Ehrhoff.
3:34 of 1st period - Deflect By Alexander Ovechkin.
3:34 of 1st period - Shot Misses the Net.
3:34 of 1st period - Puck is out of play.
3:35 of 1st period - Frans Nielsen wins face-off versus R.J. Umberger in Nordiques zone.
3:46 of 1st period - Fedor Tyutin is hit by Frans Nielsen and loses puck.
5:19 of 1st period - Penalty to Dustin Byfuglien is over, Dustin Byfuglien is back on ice.
5:42 of 1st period - Snap shot by Jarret Stoll.
5:42 of 1st period - Stopped by Maxime Daigneault without a rebound.
5:43 of 1st period - Chris Kelly wins face-off versus Chris Drury in Predators zone.
5:55 of 1st period - Snap shot by Chris Drury.
5:55 of 1st period - Stopped by Maxime Daigneault with a rebound.
5:57 of 1st period - Slapshot by Niklas Kronwall.
5:57 of 1st period - Goal by Niklas Kronwall - Predators : 0 - Nordiques : 1.
5:58 of 1st period - Frans Nielsen wins face-off versus Chris Drury in neutral zone.
6:01 of 1st period - Alexei Kovalev is hit by Frans Nielsen and loses puck.
6:26 of 1st period - Icing by Frans Nielsen.
6:27 of 1st period - Frans Nielsen wins face-off versus Vaclav Prospal in Predators zone.
6:31 of 1st period - Minor Penalty to Shane Hnidy for Slashing.
6:32 of 1st period - R.J. Umberger wins face-off versus Frans Nielsen in Nordiques zone.
6:32 of 1st period - R.J. Umberger is hit by Adam Burish.
6:49 of 1st period - Wrist shot by Alexander Ovechkin.
6:49 of 1st period - Shot Misses the Net.
7:46 of 1st period - Toni Lydman is hit by Adam Burish and loses puck.
8:31 of 1st period - Penalty to Shane Hnidy is over, Shane Hnidy is back on ice.
9:02 of 1st period - Niklas Kronwall is hit by Michael Grabner and loses puck.
9:58 of 1st period - Icing by Jarret Stoll.
9:59 of 1st period - Mike Zigomanis wins face-off versus Frans Nielsen in Nordiques zone.
10:12 of 1st period - Kristopher Letang is hit by Ryan Mcdonagh and loses puck.
11:29 of 1st period - Minor Penalty to Fedor Tyutin for Interference.
11:30 of 1st period - R.J. Umberger wins face-off versus Frans Nielsen in Nordiques zone.
12:04 of 1st period - Jarret Stoll is hit by Michael Grabner and loses puck.
12:37 of 1st period - Miroslav Satan is hit by Frans Nielsen and loses puck.
13:29 of 1st period - Penalty to Fedor Tyutin is over, Fedor Tyutin is back on ice.
13:42 of 1st period - Wrist shot by Erik Rasmussen.
13:42 of 1st period - Stopped by Martin Brodeur with a rebound.
13:54 of 1st period - Shane Hnidy is hit by John Moore and loses puck.
13:59 of 1st period - Slapshot by Alexander Edler.
13:59 of 1st period - Stopped by Martin Brodeur without a rebound.
14:00 of 1st period - Vaclav Prospal wins face-off versus Chris Kelly in Nordiques zone.
14:08 of 1st period - Minor Penalty to Kris Vernarsky for Interference.
14:09 of 1st period - Chris Drury wins face-off versus Frans Nielsen in Predators zone.
14:15 of 1st period - Snap shot by Chris Drury.
14:15 of 1st period - Shot Misses the Net.
14:17 of 1st period - Slapshot by R.J. Umberger.
14:17 of 1st period - Goal by R.J. Umberger - Predators : 0 - Nordiques : 2.
14:18 of 1st period - Frans Nielsen wins face-off versus Chris Drury in neutral zone.
15:17 of 1st period - Slapshot by Kristopher Letang.
15:17 of 1st period - Deflect By Alexander Edler.
15:17 of 1st period - Stopped by Maxime Daigneault with a rebound.
15:27 of 1st period - Wrist shot by Michael Grabner.
15:27 of 1st period - Goal by Michael Grabner - Predators : 1 - Nordiques : 2.
15:28 of 1st period - Adam Burish wins face-off versus Chris Drury in neutral zone.
15:37 of 1st period - Slapshot by Alexei Kovalev.
15:37 of 1st period - Shot Blocked by Ryan Mcdonagh.
15:39 of 1st period - Wrist shot by Chris Drury.
15:39 of 1st period - Shot Misses the Net.
15:41 of 1st period - Slapshot by Shane Hnidy.
15:41 of 1st period - Stopped by Maxime Daigneault with a rebound.
15:43 of 1st period - Wrist shot by R.J. Umberger.
15:43 of 1st period - Stopped by Maxime Daigneault without a rebound.
15:44 of 1st period - Kris Vernarsky wins face-off versus Vaclav Prospal in Predators zone.
15:44 of 1st period - Kris Vernarsky is hit by Dustin Byfuglien.
15:50 of 1st period - Shane Hnidy is hit by Josef Vasicek and loses puck.
16:10 of 1st period - Chris Drury is hit by Adam Burish and loses puck.
16:33 of 1st period - Wrist shot by Chris Kelly.
16:33 of 1st period - Stopped by Martin Brodeur with a rebound.
16:35 of 1st period - Slapshot by Chris Kelly.
16:35 of 1st period - Shot Blocked by Kristopher Letang.
16:51 of 1st period - Erik Rasmussen is hit by Pascal Dupuis and loses puck.
17:00 of 1st period - Fedor Tyutin is hit by James Van Riemsdyk and loses puck.
17:13 of 1st period - Andrei Markov is hit by Vaclav Prospal.
17:18 of 1st period - Off-side.
17:19 of 1st period - Chris Drury wins face-off versus Frans Nielsen in neutral zone.
17:30 of 1st period - Slapshot by Chris Drury.
17:30 of 1st period - Stopped by Maxime Daigneault with a rebound.
17:32 of 1st period - Wrist shot by R.J. Umberger.
17:32 of 1st period - Shot Misses the Net.
17:34 of 1st period - Snap shot by Alexei Kovalev.
17:34 of 1st period - Stopped by Maxime Daigneault without a rebound.
17:35 of 1st period - Kris Vernarsky wins face-off versus Vaclav Prospal in Predators zone.
17:37 of 1st period - Minor Penalty to Kris Vernarsky for Holding.
17:38 of 1st period - Chris Drury wins face-off versus Frans Nielsen in Predators zone.
19:37 of 1st period - Penalty to Kris Vernarsky is over, Kris Vernarsky is back on ice.
19:54 of 1st period - Slapshot by James Van Riemsdyk.
19:54 of 1st period - Stopped by Martin Brodeur without a rebound.
19:55 of 1st period - Jarret Stoll wins face-off versus Kris Vernarsky in Nordiques zone.
Goals for this period are 1 for Predators vs 2 for Nordiques.
Shots for this period are 6 for Predators vs 11 for Nordiques.

2nd period


0:01 of 2nd period - Chris Drury wins face-off versus Frans Nielsen in neutral zone.
0:14 of 2nd period - Snap shot by Alexander Ovechkin.
0:14 of 2nd period - Shot Blocked by R.J. Umberger.
0:37 of 2nd period - Josef Vasicek is hit by Dustin Byfuglien and loses puck.
0:48 of 2nd period - Wrist shot by Kristopher Letang.
0:48 of 2nd period - Shot Misses the Net.
0:50 of 2nd period - Snap shot by Miroslav Satan.
0:50 of 2nd period - Shot Misses the Net.
0:52 of 2nd period - Slapshot by Kristopher Letang.
0:52 of 2nd period - Stopped by Maxime Daigneault with a rebound.
0:54 of 2nd period - Snap shot by Mike Zigomanis.
0:54 of 2nd period - Stopped by Maxime Daigneault without a rebound.
0:55 of 2nd period - Frans Nielsen wins face-off versus Chris Drury in Predators zone.
1:04 of 2nd period - Slapshot by Adam Burish.
1:04 of 2nd period - Stopped by Martin Brodeur without a rebound.
1:05 of 2nd period - Frans Nielsen wins face-off versus Chris Drury in Nordiques zone.
1:06 of 2nd period - Wrist shot by Alexander Ovechkin.
1:06 of 2nd period - Shot Misses the Net.
1:08 of 2nd period - Snap shot by Alexander Ovechkin.
1:08 of 2nd period - Stopped by Martin Brodeur without a rebound.
1:09 of 2nd period - Chris Drury wins face-off versus Frans Nielsen in Nordiques zone.
1:41 of 2nd period - Snap shot by Kris Vernarsky.
1:41 of 2nd period - Shot Misses the Net.
2:08 of 2nd period - Shane Hnidy is hit by Eric Nystrom and loses puck.
2:13 of 2nd period - Snap shot by Michael Grabner.
2:13 of 2nd period - Stopped by Martin Brodeur with a rebound.
2:15 of 2nd period - Wrist shot by Michael Grabner.
2:15 of 2nd period - Goal by Michael Grabner - Predators : 2 - Nordiques : 2.
2:16 of 2nd period - Chris Drury wins face-off versus Frans Nielsen in neutral zone.
2:18 of 2nd period - Kristopher Letang is hit by Andrei Markov and loses puck.
2:25 of 2nd period - Andrei Markov is hit by Chris Drury and loses puck.
2:42 of 2nd period - Alexander Steen is hit by Kristopher Letang and loses puck.
3:13 of 2nd period - Wrist shot by Jarret Stoll.
3:13 of 2nd period - Stopped by Maxime Daigneault with a rebound.
3:33 of 2nd period - Wrist shot by Alexander Ovechkin.
3:33 of 2nd period - Shot Misses the Net.
3:58 of 2nd period - Snap shot by Chris Kelly.
3:58 of 2nd period - Stopped by Martin Brodeur without a rebound.
3:59 of 2nd period - Chris Drury wins face-off versus Frans Nielsen in Nordiques zone.
3:59 of 2nd period - Chris Drury is hit by Alexander Ovechkin.
4:12 of 2nd period - Snap shot by Alexander Ovechkin.
4:12 of 2nd period - Stopped by Martin Brodeur with a rebound.
4:14 of 2nd period - Snap shot by Adam Burish.
4:14 of 2nd period - Deflect By Alexander Ovechkin.
4:14 of 2nd period - Shot Blocked by Kristopher Letang.
4:14 of 2nd period - Puck is out of play.
4:15 of 2nd period - Vaclav Prospal wins face-off versus Kris Vernarsky in Nordiques zone.
4:26 of 2nd period - Wrist shot by Dustin Byfuglien.
4:26 of 2nd period - Stopped by Maxime Daigneault with a rebound.
4:42 of 2nd period - Ryan Mcdonagh is hit by Fedor Tyutin and loses puck.
4:49 of 2nd period - Snap shot by R.J. Umberger.
4:49 of 2nd period - Stopped by Maxime Daigneault without a rebound.
4:50 of 2nd period - Frans Nielsen wins face-off versus Vaclav Prospal in Predators zone.
5:03 of 2nd period - Wrist shot by Frans Nielsen.
5:03 of 2nd period - Shot Blocked by Matt Moulson.
5:05 of 2nd period - Slapshot by Alexander Ovechkin.
5:05 of 2nd period - Shot Blocked by Shane Hnidy.
5:07 of 2nd period - Slapshot by Alexander Ovechkin.
5:07 of 2nd period - Shot Blocked by Matt Moulson.
5:27 of 2nd period - Wrist shot by Alexei Kovalev.
5:27 of 2nd period - Goal by Alexei Kovalev - Predators : 2 - Nordiques : 3.
5:28 of 2nd period - Chris Drury wins face-off versus Frans Nielsen in neutral zone.
5:31 of 2nd period - Slapshot by Fedor Tyutin.
5:31 of 2nd period - Shot Blocked by Ryan Mcdonagh.
6:26 of 2nd period - Slapshot by Alexander Edler.
6:26 of 2nd period - Shot Misses the Net.
6:28 of 2nd period - Slapshot by Ryan Mcdonagh.
6:28 of 2nd period - Stopped by Martin Brodeur without a rebound.
6:29 of 2nd period - Chris Drury wins face-off versus Frans Nielsen in Nordiques zone.
6:35 of 2nd period - Off-side.
6:36 of 2nd period - Chris Drury wins face-off versus Frans Nielsen in neutral zone.
6:39 of 2nd period - Slapshot by Fedor Tyutin.
6:39 of 2nd period - Shot Blocked by Adam Burish.
6:41 of 2nd period - Slapshot by Alexei Kovalev.
6:41 of 2nd period - Stopped by Maxime Daigneault without a rebound.
6:42 of 2nd period - Alexander Ovechkin wins face-off versus Chris Drury in Predators zone.
8:16 of 2nd period - Snap shot by Adam Burish.
8:16 of 2nd period - Goal by Adam Burish - Predators : 3 - Nordiques : 3.
8:17 of 2nd period - Chris Drury wins face-off versus Frans Nielsen in neutral zone.
8:22 of 2nd period - Slapshot by Chris Drury.
8:22 of 2nd period - Shot Misses the Net.
8:24 of 2nd period - Wrist shot by Alexei Kovalev.
8:24 of 2nd period - Stopped by Maxime Daigneault with a rebound.
8:26 of 2nd period - Snap shot by R.J. Umberger.
8:26 of 2nd period - Stopped by Maxime Daigneault with a rebound.
8:28 of 2nd period - Wrist shot by R.J. Umberger.
8:28 of 2nd period - Shot Misses the Net.
8:30 of 2nd period - Slapshot by Mark Eaton.
8:30 of 2nd period - Stopped by Maxime Daigneault with a rebound.
8:32 of 2nd period - Wrist shot by R.J. Umberger.
8:32 of 2nd period - Shot Misses the Net.
8:34 of 2nd period - Snap shot by Niklas Kronwall.
8:34 of 2nd period - Stopped by Maxime Daigneault with a rebound.
9:11 of 2nd period - Snap shot by Miroslav Satan.
9:11 of 2nd period - Shot Misses the Net.
9:13 of 2nd period - Snap shot by Kyle Calder.
9:13 of 2nd period - Stopped by Maxime Daigneault with a rebound.
9:15 of 2nd period - Slapshot by Niklas Kronwall.
9:15 of 2nd period - Stopped by Maxime Daigneault with a rebound.
9:17 of 2nd period - Slapshot by Mark Eaton.
9:17 of 2nd period - Shot Misses the Net.
9:33 of 2nd period - Slapshot by Christian Ehrhoff.
9:33 of 2nd period - Shot Blocked by Jarret Stoll.
9:35 of 2nd period - Wrist shot by Vaclav Varada.
9:35 of 2nd period - Goal by Vaclav Varada - Predators : 4 - Nordiques : 3.
9:36 of 2nd period - Frans Nielsen wins face-off versus Chris Drury in neutral zone.
10:09 of 2nd period - Snap shot by Dustin Byfuglien.
10:09 of 2nd period - Stopped by Maxime Daigneault with a rebound.
10:11 of 2nd period - Slapshot by Fedor Tyutin.
10:11 of 2nd period - Stopped by Maxime Daigneault without a rebound.
10:12 of 2nd period - Frans Nielsen wins face-off versus Vaclav Prospal in Predators zone.
11:00 of 2nd period - Snap shot by Michael Grabner.
11:00 of 2nd period - Shot Misses the Net.
11:02 of 2nd period - Slapshot by Alexander Edler.
11:02 of 2nd period - Shot Misses the Net.
11:04 of 2nd period - Wrist shot by Michael Grabner.
11:04 of 2nd period - Stopped by Martin Brodeur with a rebound.
11:06 of 2nd period - Snap shot by Christian Ehrhoff.
11:06 of 2nd period - Deflect By Michael Grabner.
11:06 of 2nd period - Stopped by Martin Brodeur with a rebound.
11:08 of 2nd period - Slapshot by Christian Ehrhoff.
11:08 of 2nd period - Shot Blocked by Toni Lydman.
11:30 of 2nd period - Off-side.
11:31 of 2nd period - Chris Drury wins face-off versus Frans Nielsen in neutral zone.
11:42 of 2nd period - Snap shot by Frans Nielsen.
11:42 of 2nd period - Shot Misses the Net.
11:44 of 2nd period - Slapshot by Adam Burish.
11:44 of 2nd period - Stopped by Martin Brodeur with a rebound.
11:48 of 2nd period - Snap shot by Adam Burish.
11:48 of 2nd period - Shot Misses the Net.
13:00 of 2nd period - Snap shot by Erik Rasmussen.
13:00 of 2nd period - Stopped by Martin Brodeur with a rebound.
13:26 of 2nd period - Snap shot by Kris Vernarsky.
13:26 of 2nd period - Deflect By Matt Moulson.
13:26 of 2nd period - Shot Misses the Net.
13:26 of 2nd period - Puck is out of play.
13:27 of 2nd period - Kris Vernarsky wins face-off versus Vaclav Prospal in Nordiques zone.
14:23 of 2nd period - Kris Vernarsky is hit by Dustin Byfuglien and loses puck.
14:32 of 2nd period - Snap shot by Vaclav Prospal.
14:32 of 2nd period - Stopped by Maxime Daigneault with a rebound.
15:11 of 2nd period - Snap shot by Dustin Byfuglien.
15:11 of 2nd period - Goal by Dustin Byfuglien - Predators : 4 - Nordiques : 4.
15:12 of 2nd period - Chris Drury wins face-off versus Frans Nielsen in neutral zone.
15:20 of 2nd period - Frans Nielsen is hit by Chris Drury and loses puck.
15:39 of 2nd period - Kyle Calder is hit by Chris Kelly and loses puck.
16:38 of 2nd period - Chris Kelly is hit by Kyle Calder and loses puck.
18:02 of 2nd period - Chris Kelly is hit by Fedor Tyutin and loses puck.
18:15 of 2nd period - Matt Moulson is hit by Adam Burish and loses puck.
18:48 of 2nd period - Mark Eaton is hit by Josef Vasicek and loses puck.
18:49 of 2nd period - Mark Eaton from Nordiques is injured at 18:49 of 2nd period (Sprained Right Ankle).
18:50 of 2nd period - Chris Drury wins face-off versus Frans Nielsen in Nordiques zone.
19:38 of 2nd period - Snap shot by Alexander Steen.
19:38 of 2nd period - Stopped by Martin Brodeur with a rebound.
Goals for this period are 3 for Predators vs 2 for Nordiques.
Shots for this period are 14 for Predators vs 17 for Nordiques.

3rd period


0:01 of 3rd period - Frans Nielsen wins face-off versus Alexei Kovalev in neutral zone.
0:16 of 3rd period - Snap shot by Alexander Ovechkin.
0:16 of 3rd period - Goal by Alexander Ovechkin - Predators : 5 - Nordiques : 4.
0:17 of 3rd period - Frans Nielsen wins face-off versus Chris Drury in neutral zone.
0:50 of 3rd period - Kris Vernarsky is hit by Kristopher Letang and loses puck.
1:12 of 3rd period - Off-side.
1:13 of 3rd period - Frans Nielsen wins face-off versus Chris Drury in neutral zone.
1:18 of 3rd period - Snap shot by Frans Nielsen.
1:18 of 3rd period - Shot Misses the Net.
1:41 of 3rd period - Wrist shot by Kris Vernarsky.
1:41 of 3rd period - Shot Blocked by Vaclav Prospal.
1:43 of 3rd period - Slapshot by Ryan Mcdonagh.
1:43 of 3rd period - Shot Blocked by Toni Lydman.
2:11 of 3rd period - Chris Kelly is hit by Miroslav Satan and loses puck.
2:27 of 3rd period - Off-side.
2:28 of 3rd period - Erik Rasmussen wins face-off versus Jarret Stoll in neutral zone.
2:39 of 3rd period - Wrist shot by Vaclav Varada.
2:39 of 3rd period - Shot Blocked by Pascal Dupuis.
2:45 of 3rd period - Slapshot by Fedor Tyutin.
2:45 of 3rd period - Shot Misses the Net.
2:47 of 3rd period - Slapshot by Kristopher Letang.
2:47 of 3rd period - Stopped by Maxime Daigneault with a rebound.
2:49 of 3rd period - Snap shot by Nikolai Kulemin.
2:49 of 3rd period - Stopped by Maxime Daigneault without a rebound.
2:50 of 3rd period - Frans Nielsen wins face-off versus Chris Drury in Predators zone.
2:52 of 3rd period - Minor Penalty to Frans Nielsen for Interference.
2:53 of 3rd period - Eric Nystrom wins face-off versus Chris Drury in Predators zone.
3:09 of 3rd period - Wrist shot by Chris Drury.
3:09 of 3rd period - Shot Blocked by Ryan Mcdonagh.
4:52 of 3rd period - Penalty to Frans Nielsen is over, Frans Nielsen is back on ice.
5:02 of 3rd period - Snap shot by Pascal Dupuis.
5:02 of 3rd period - Stopped by Maxime Daigneault with a rebound.
5:37 of 3rd period - Slapshot by Pascal Dupuis.
5:37 of 3rd period - Shot Misses the Net.
6:05 of 3rd period - Michael Grabner is hit by R.J. Umberger and loses puck.
6:16 of 3rd period - Dustin Byfuglien is hit by Josef Vasicek and loses puck.
6:37 of 3rd period - Slapshot by Fedor Tyutin.
6:37 of 3rd period - Shot Misses the Net.
6:51 of 3rd period - Niklas Kronwall is hit by Josef Vasicek and loses puck.
7:03 of 3rd period - Minor Penalty to Alexander Edler for Hooking.
7:04 of 3rd period - Chris Drury wins face-off versus Frans Nielsen in Predators zone.
7:31 of 3rd period - Off-side.
7:32 of 3rd period - Vaclav Prospal wins face-off versus Josef Vasicek in neutral zone.
7:46 of 3rd period - Slapshot by Fedor Tyutin.
7:46 of 3rd period - Deflect By Vaclav Prospal.
7:46 of 3rd period - Shot Misses the Net.
7:46 of 3rd period - Puck is out of play.
7:47 of 3rd period - Chris Drury wins face-off versus Frans Nielsen in Predators zone.
7:52 of 3rd period - Snap shot by Chris Drury.
7:52 of 3rd period - Stopped by Maxime Daigneault with a rebound.
8:00 of 3rd period - Wrist shot by Chris Drury.
8:00 of 3rd period - Shot Misses the Net.
8:02 of 3rd period - Slapshot by Kristopher Letang.
8:02 of 3rd period - Stopped by Maxime Daigneault with a rebound.
8:04 of 3rd period - Slapshot by Alexei Kovalev.
8:04 of 3rd period - Deflect By Christian Ehrhoff.
8:04 of 3rd period - Stopped by Maxime Daigneault with a rebound.
8:14 of 3rd period - Matt Moulson is hit by Christian Ehrhoff and loses puck.
9:03 of 3rd period - Penalty to Alexander Edler is over, Alexander Edler is back on ice.
9:22 of 3rd period - Wrist shot by Erik Rasmussen.
9:22 of 3rd period - Stopped by Martin Brodeur without a rebound.
9:23 of 3rd period - Matt Moulson wins face-off versus Kris Vernarsky in Nordiques zone.
10:11 of 3rd period - Fedor Tyutin is hit by Erik Rasmussen and loses puck.
10:41 of 3rd period - Slapshot by Nikolai Kulemin.
10:41 of 3rd period - Shot Misses the Net.
11:01 of 3rd period - Alexander Steen is hit by Shane Hnidy and loses puck.
11:42 of 3rd period - Alexei Kovalev is hit by Michael Grabner and loses puck.
11:49 of 3rd period - Slapshot by Chris Drury.
11:49 of 3rd period - Stopped by Maxime Daigneault with a rebound.
12:07 of 3rd period - Slapshot by Alexander Steen.
12:07 of 3rd period - Stopped by Martin Brodeur with a rebound.
12:09 of 3rd period - Slapshot by Barret Jackman.
12:09 of 3rd period - Deflect By Kris Vernarsky.
12:09 of 3rd period - Stopped by Martin Brodeur without a rebound.
12:10 of 3rd period - Frans Nielsen wins face-off versus Chris Drury in Nordiques zone.
12:21 of 3rd period - R.J. Umberger is hit by Alexander Edler and loses puck.
12:40 of 3rd period - Wrist shot by Kris Vernarsky.
12:40 of 3rd period - Stopped by Martin Brodeur with a rebound.
13:03 of 3rd period - Chris Kelly is hit by Toni Lydman and loses puck.
14:03 of 3rd period - Josef Vasicek is hit by Kyle Calder and loses puck.
14:42 of 3rd period - Snap shot by Alexander Ovechkin.
14:42 of 3rd period - Shot Blocked by Kristopher Letang.
14:44 of 3rd period - Slapshot by Ryan Mcdonagh.
14:44 of 3rd period - Shot Misses the Net.
14:46 of 3rd period - Snap shot by Alexander Ovechkin.
14:46 of 3rd period - Shot Misses the Net.
15:00 of 3rd period - Alexander Edler is hit by Mike Zigomanis and loses puck.
15:09 of 3rd period - Snap shot by Mike Zigomanis.
15:09 of 3rd period - Stopped by Maxime Daigneault without a rebound.
15:10 of 3rd period - Chris Kelly wins face-off versus Mike Zigomanis in Predators zone.
15:56 of 3rd period - Off-side.
15:57 of 3rd period - Dustin Byfuglien wins face-off versus Kris Vernarsky in neutral zone.
16:10 of 3rd period - Wrist shot by Alexander Steen.
16:10 of 3rd period - Deflect By Kris Vernarsky.
16:10 of 3rd period - Shot Blocked by Dustin Byfuglien.
16:10 of 3rd period - Puck is out of play.
16:11 of 3rd period - Mike Zigomanis wins face-off versus Chris Kelly in Nordiques zone.
17:05 of 3rd period - Slapshot by Kristopher Letang.
17:05 of 3rd period - Stopped by Maxime Daigneault without a rebound.
17:06 of 3rd period - Mike Zigomanis wins face-off versus Chris Kelly in Predators zone.
17:19 of 3rd period - Snap shot by Kyle Calder.
17:19 of 3rd period - Stopped by Maxime Daigneault with a rebound.
17:21 of 3rd period - Slapshot by Kristopher Letang.
17:21 of 3rd period - Stopped by Maxime Daigneault with a rebound.
17:55 of 3rd period - Wrist shot by Josef Vasicek.
17:55 of 3rd period - Stopped by Martin Brodeur with a rebound.
17:57 of 3rd period - Wrist shot by Kris Vernarsky.
17:57 of 3rd period - Goal by Kris Vernarsky - Predators : 6 - Nordiques : 4.
17:58 of 3rd period - Mike Zigomanis wins face-off versus Chris Kelly in neutral zone.
18:00 of 3rd period - Off-side.
18:01 of 3rd period - Mike Zigomanis wins face-off versus Chris Kelly in neutral zone.
Goals for this period are 2 for Predators vs 0 for Nordiques.
Shots for this period are 7 for Predators vs 11 for Nordiques.